General information
- name: BNet
- type: Ladder team game (AT/RT)
- host: Battle.net
- saver: Owl
map: MarketSquare
- players: 8
- length: 25:54
- speed: Fast
- version: 1.29 W3XP
- replay type: Public
» download(271 KB)
Players
team 1 (winner)
GrosTabarnak (
purple | 46 APM | 1194 actions | 25:53)
5 Far Seer
2 Feral Spirit
3 Chain Lighting
3 Blademaster
1 Wind Walk
2 Mirror Image
1 Tauren Chieftain
1 Endurance Aura
» actions
| Assign group hotkey | 41 | |
| Basic commands | 69 | |
| Build / train | 112 | |
| ESC pressed | 4 | |
| Enter build submenu | 18 | |
| Enter hero's abilities submenu | 9 | |
| Give item / drop item | 3 | |
| Right click | 173 | |
| Select / deselect | 303 | |
| Select group hotkey | 398 | |
| Use ability | 64 | |
1194 total
» units
| Peon | 15 | |
| Grunt | 7 | |
| Troll Headhunter/Berserker | 4 | |
| Tauren | 9 | |
| Raider | 7 | |
| Shaman | 8 | |
| Troll Witch Doctor | 7 | |
| Kodo Beast | 2 | |
| Demolisher | 3 | |
62 total
» upgrades
| Pillage | 1 | |
| Armor | 3 | |
| Melee Weapons | 3 | |
| Berserker Strength | 1 | |
| Shaman Training | 2 | |
| Ensnare | 1 | |
| Berserker Upgrade | 1 | |
| Troll Regeneration | 1 | |
| Pulverize | 1 | |
| Witch Doctor Training | 2 | |
| War Drums Damage Increase | 1 | |
| Burning Oil | 1 | |
| Ranged Weapons | 3 | |
| Reinforced Defenses | 1 | |
| Spiked Barricades | 2 | |
| Envenomed Spears | 1 | |
| Liquid Fire | 1 | |
| Spirit Walker Training | 1 | |
27 total
» buildings
| Altar of Storms | 1 | |
| Orc Burrow | 6 | |
| Barracks | 1 | |
| Voodoo Lounge | 1 | |
| War Mill | 2 | |
| Stronghold | 1 | |
| Spirit Lodge | 2 | |
| Fortress | 1 | |
| Great Hall | 1 | |
| Watch Tower | 1 | |
| Beastiary | 1 | |
| Tauren Totem | 1 | |
19 total
» build order
00:14 Altar of Storms
00:18 Orc Burrow
00:52 Barracks
01:41 Orc Burrow
02:34 Orc Burrow
03:32 Voodoo Lounge
03:48 War Mill
04:22 Stronghold
04:48 Orc Burrow
06:05 Orc Burrow
06:53 Spirit Lodge
07:39 Fortress
07:56 Great Hall
08:32 Orc Burrow
08:36 Watch Tower
09:32 Beastiary
10:50 Tauren Totem
12:20 Spirit Lodge
20:44 War Mill
» items
| Healing Salve | 1 | |
| Scroll of Town Portal | 3 | |
| Orb of Lightning | 2 | |
| Potion of Healing | 2 | |
| Scroll of Speed | 1 | |
9 total

»
xB20tegzzx (
yellow | 108 APM | 2791 actions | 25:53)
5 Blademaster
3 Wind Walk
2 Mirror Image
3 Shadow Hunter
2 Healing Wave
1 Hex
» actions
| Assign group hotkey | 44 | |
| Build / train | 91 | |
| Enter build submenu | 39 | |
| Enter hero's abilities submenu | 8 | |
| Remove unit from queue | 1 | |
| Right click | 1370 | |
| Select / deselect | 317 | |
| Select group hotkey | 839 | |
| Use ability | 82 | |
2791 total
» units
| Peon | 18 | |
| Grunt | 7 | |
| Shaman | 12 | |
| Troll Witch Doctor | 12 | |
| Tauren | 8 | |
| Troll Batrider | 7 | |
64 total
» upgrades
| Armor | 3 | |
| Melee Weapons | 3 | |
| Spiked Barricades | 2 | |
| Shaman Training | 2 | |
| Witch Doctor Training | 2 | |
| Reinforced Defenses | 1 | |
13 total
» buildings
| Orc Burrow | 8 | |
| Altar of Storms | 1 | |
| Barracks | 1 | |
| War Mill | 1 | |
| Voodoo Lounge | 1 | |
| Watch Tower | 18 | |
| Stronghold | 1 | |
| Great Hall | 1 | |
| Fortress | 1 | |
| Spirit Lodge | 2 | |
| Tauren Totem | 1 | |
| Beastiary | 1 | |
37 total
» build order
00:21 Orc Burrow
00:27 Altar of Storms
01:00 Barracks
01:52 Orc Burrow
02:55 War Mill
03:42 Voodoo Lounge
04:02 Orc Burrow
04:13 Watch Tower
04:23 Watch Tower
05:08 Orc Burrow
05:28 Watch Tower
05:31 Watch Tower
06:07 Orc Burrow
06:47 Watch Tower
06:50 Watch Tower
07:10 Stronghold
09:33 Great Hall
09:36 Fortress
09:40 Spirit Lodge
09:53 Watch Tower
10:03 Watch Tower
10:06 Watch Tower
10:09 Watch Tower
11:26 Spirit Lodge
11:34 Watch Tower
11:36 Watch Tower
11:39 Watch Tower
12:23 Watch Tower
12:45 Watch Tower
12:48 Watch Tower
12:51 Watch Tower
13:44 Tauren Totem
14:35 Orc Burrow
15:25 Orc Burrow
15:42 Watch Tower
21:46 Orc Burrow
21:55 Beastiary
» items

»
Owl (
pink | 60 APM | 1549 actions | 25:54)
7 Blood Mage
3 Flame Strike
3 Siphon Mana
1 Summon Phoenix
» actions
| Assign group hotkey | 50 | |
| Basic commands | 28 | |
| Build / train | 92 | |
| Enter build submenu | 38 | |
| Enter hero's abilities submenu | 7 | |
| Remove unit from queue | 3 | |
| Right click | 687 | |
| Select / deselect | 302 | |
| Select group hotkey | 208 | |
| Use ability | 134 | |
1549 total
» units
| Peasant | 19 | |
| Footman | 4 | |
| Sorceress | 7 | |
30 total
» upgrades
| Lumber Harvesting | 2 | |
| Masonry | 2 | |
| Sorceress Training | 2 | |
| Magic Sentry | 1 | |
| Cloud | 1 | |
8 total
» buildings
| Altar of Kings | 1 | |
| Barracks | 1 | |
| Farm | 10 | |
| Scout Tower | 14 | |
| Arcane Tower | 2 | |
| Keep | 1 | |
| Arcane Vault | 1 | |
| Lumber Mill | 1 | |
| Town Hall | 1 | |
| Guard Tower | 6 | |
| Arcane Sanctum | 2 | |
| Castle | 1 | |
| Gryphon Aviary | 4 | |
| Blacksmith | 2 | |
47 total
» build order
00:52 Altar of Kings
00:54 Barracks
00:56 Farm
00:57 Farm
01:04 Farm
01:36 Scout Tower
02:18 Arcane Tower
03:25 Keep
04:02 Arcane Vault
04:05 Lumber Mill
04:09 Farm
04:54 Town Hall
04:56 Scout Tower
04:57 Scout Tower
04:57 Scout Tower
04:57 Scout Tower
05:35 Guard Tower
06:49 Guard Tower
06:49 Guard Tower
07:11 Arcane Sanctum
08:37 Castle
09:24 Scout Tower
09:25 Scout Tower
09:26 Scout Tower
09:26 Scout Tower
09:35 Arcane Sanctum
09:56 Guard Tower
10:40 Guard Tower
12:26 Scout Tower
13:54 Arcane Tower
13:55 Farm
16:33 Scout Tower
16:33 Scout Tower
16:34 Scout Tower
16:35 Scout Tower
20:38 Guard Tower
20:40 Farm
20:40 Farm
20:40 Farm
20:41 Farm
20:45 Gryphon Aviary
20:45 Gryphon Aviary
20:45 Gryphon Aviary
21:00 Gryphon Aviary
21:11 Blacksmith
21:12 Blacksmith
21:58 Farm
» items
| Scroll of Regeneration | 4 | |
| Mechanical Critter | 1 | |
| Boots of Speed | 1 | |
| Staff of Teleportation | 1 | |
| Potion of Invisibility | 7 | |
| Potion of Lesser Invulnerability | 3 | |
| Scroll of Town Portal | 4 | |
| Lesser Clarity Potion | 4 | |
| Potion of Healing | 4 | |
| Potion of Mana | 4 | |
33 total
imnotblue (
green | 51 APM | 1315 actions | 25:53)
9 Tauren Chieftain
2 War Stomp
3 Endurance Aura
1 Reincarnation
3 Shockwave
» actions
| Assign group hotkey | 66 | |
| Basic commands | 27 | |
| Build / train | 84 | |
| Enter build submenu | 19 | |
| Enter hero's abilities submenu | 9 | |
| Right click | 354 | |
| Select / deselect | 276 | |
| Select group hotkey | 412 | |
| Use ability | 68 | |
1315 total
» units
| Peon | 13 | |
| Grunt | 6 | |
| Shaman | 9 | |
| Troll Witch Doctor | 11 | |
| Tauren | 16 | |
55 total
» upgrades
| Armor | 3 | |
| Witch Doctor Training | 2 | |
| Shaman Training | 2 | |
| Reinforced Defenses | 1 | |
| Pulverize | 1 | |
| Melee Weapons | 2 | |
11 total
» buildings
| Altar of Storms | 2 | |
| Orc Burrow | 7 | |
| Barracks | 1 | |
| Voodoo Lounge | 1 | |
| Stronghold | 1 | |
| War Mill | 1 | |
| Fortress | 1 | |
| Spirit Lodge | 2 | |
| Tauren Totem | 2 | |
| Watch Tower | 1 | |
| Great Hall | 1 | |
20 total
» build order
01:08 Altar of Storms
01:13 Altar of Storms
01:18 Orc Burrow
01:35 Barracks
02:26 Orc Burrow
02:59 Voodoo Lounge
05:08 Stronghold
05:11 Orc Burrow
05:33 War Mill
07:55 Fortress
07:58 Spirit Lodge
08:06 Spirit Lodge
10:04 Orc Burrow
10:48 Tauren Totem
10:51 Tauren Totem
12:59 Orc Burrow
14:23 Orc Burrow
16:17 Watch Tower
18:15 Orc Burrow
21:51 Great Hall
» items
| Orb of Lightning | 1 | |
| Lesser Clarity Potion | 1 | |
| Scroll of Town Portal | 2 | |
| Healing Salve | 2 | |
6 total
team 2 (loser)

»
hvymetal (
orange | 58 APM | 1509 actions | 25:53)
6 Dark Ranger
2 Black Arrow
2 Silence
1 Life Drain
1 Charm
4 Priestess of the Moon
2 Trueshot Aura
2 Searing Arrows
» actions
| Assign group hotkey | 46 | |
| Basic commands | 216 | |
| Build / train | 71 | |
| Enter build submenu | 15 | |
| Enter hero's abilities submenu | 10 | |
| Right click | 336 | |
| Select / deselect | 263 | |
| Select group hotkey | 491 | |
| Use ability | 61 | |
1509 total
» units
| Wisp | 18 | |
| Archer | 6 | |
| Dryad | 12 | |
| Forest Troll High Priest | 1 | |
| Faerie Dragon | 6 | |
| Druid of the Claw | 4 | |
47 total
» upgrades
| Strength of the Wild | 3 | |
| Reinforced Hides | 2 | |
| Abolish Magic | 1 | |
| Ultravision | 1 | |
| Well Spring | 1 | |
| Druid of the Claw Training | 2 | |
10 total
» buildings
| Moon Well | 7 | |
| Ancient of War | 1 | |
| Altar of Elders | 1 | |
| Tree of Ages | 1 | |
| Hunter's Hall | 1 | |
| Ancient of Lore | 2 | |
| Ancient of Wonders | 1 | |
| Ancient of Wind | 1 | |
| Tree of Eternity | 1 | |
| Tree of Life | 1 | |
17 total
» build order
00:14 Moon Well
00:18 Moon Well
00:30 Ancient of War
00:43 Altar of Elders
01:52 Moon Well
03:57 Tree of Ages
04:00 Hunter's Hall
04:57 Moon Well
04:58 Moon Well
06:25 Ancient of Lore
06:31 Ancient of Lore
07:34 Ancient of Wonders
08:06 Ancient of Wind
10:45 Moon Well
10:46 Moon Well
12:22 Tree of Eternity
13:38 Tree of Life
extinguisher (
teal | 46 APM | 1177 actions | 25:49)
8 Tauren Chieftain
3 War Stomp
3 Endurance Aura
1 Reincarnation
1 Shockwave
» actions
| Assign group hotkey | 12 | |
| Basic commands | 26 | |
| Build / train | 54 | |
| Enter build submenu | 25 | |
| Enter hero's abilities submenu | 10 | |
| Give item / drop item | 4 | |
| Right click | 662 | |
| Select / deselect | 223 | |
| Select group hotkey | 90 | |
| Use ability | 71 | |
1177 total
» units
| Peon | 10 | |
| Troll Headhunter/Berserker | 7 | |
| Shaman | 4 | |
| Tauren | 5 | |
26 total
» upgrades
| Shaman Training | 2 | |
| Melee Weapons | 1 | |
| Armor | 1 | |
| Pulverize | 1 | |
5 total
» buildings
| Orc Burrow | 11 | |
| Altar of Storms | 1 | |
| War Mill | 1 | |
| Barracks | 1 | |
| Voodoo Lounge | 1 | |
| Stronghold | 1 | |
| Spirit Lodge | 2 | |
| Fortress | 1 | |
| Great Hall | 1 | |
| Tauren Totem | 3 | |
| Watch Tower | 3 | |
26 total
» build order
00:21 Orc Burrow
00:36 Altar of Storms
00:50 War Mill
01:06 Barracks
02:02 Orc Burrow
02:44 Voodoo Lounge
03:21 Orc Burrow
04:12 Stronghold
06:35 Spirit Lodge
06:36 Spirit Lodge
07:32 Fortress
07:50 Great Hall
08:20 Orc Burrow
08:21 Orc Burrow
11:40 Tauren Totem
11:41 Tauren Totem
11:47 Tauren Totem
12:44 Watch Tower
12:47 Watch Tower
12:48 Watch Tower
15:10 Orc Burrow
17:11 Orc Burrow
18:02 Orc Burrow
18:03 Orc Burrow
18:04 Orc Burrow
18:05 Orc Burrow
» items
| Lesser Clarity Potion | 3 | |
| Healing Salve | 5 | |
| Potion of Healing | 4 | |
12 total

»
SoG]DarkSky (
blue | 92 APM | 2222 actions | 24:04)
6 Death Knight
3 Death Coil
2 Unholy Aura
1 Animate Dead
2 Lich
1 Frost Nova
1 Frost Armor
» actions
| Assign group hotkey | 165 | |
| Basic commands | 28 | |
| Build / train | 68 | |
| Enter build submenu | 11 | |
| Enter hero's abilities submenu | 8 | |
| Give item / drop item | 2 | |
| Remove unit from queue | 1 | |
| Right click | 716 | |
| Select / deselect | 320 | |
| Select group hotkey | 804 | |
| Use ability | 99 | |
2222 total
» units
| Acolyte | 11 | |
| Ghoul | 5 | |
| Crypt Fiend | 14 | |
| Obsidian Statue | 5 | |
35 total
» upgrades
| Creature Attack | 1 | |
| Web | 1 | |
| Unholy Strength | 0 | |
2 total
» buildings
| Altar of Darkness | 1 | |
| Ziggurat | 5 | |
| Crypt | 1 | |
| Tomb of Relics | 1 | |
| Graveyard | 1 | |
| Nerubian Tower | 4 | |
| Halls of the Dead | 1 | |
| Slaughterhouse | 1 | |
15 total
» build order
00:16 Altar of Darkness
00:20 Ziggurat
00:37 Crypt
01:16 Ziggurat
01:38 Tomb of Relics
01:52 Graveyard
02:15 Nerubian Tower
02:15 Nerubian Tower
02:15 Nerubian Tower
03:01 Nerubian Tower
05:07 Halls of the Dead
05:47 Ziggurat
06:04 Ziggurat
08:48 Slaughterhouse
08:53 Ziggurat
» items
| Rod of Necromancy | 3 | |
| Dust of Appearance | 2 | |
| Scroll of Town Portal | 4 | |
| Potion of Healing | 3 | |
| Potion of Mana | 2 | |
14 total
clamlord101 (
red | 90 APM | 2127 actions | 23:40)
3 Dreadlord
2 Sleep
1 Carrion Swarm
» actions
| Assign group hotkey | 4 | |
| Basic commands | 6 | |
| Build / train | 63 | |
| Enter build submenu | 52 | |
| Enter hero's abilities submenu | 3 | |
| Remove unit from queue | 4 | |
| Right click | 1071 | |
| Select / deselect | 568 | |
| Select group hotkey | 305 | |
| Use ability | 51 | |
2127 total
» units
| Acolyte | 20 | |
| Ghoul | 3 | |
| Crypt Fiend | 2 | |
| Gargoyle | 15 | |
| Obsidian Statue | 1 | |
41 total
» upgrades
| Creature Attack | 2 | |
| Creature Carapace | 1 | |
3 total
» buildings
| Altar of Darkness | 1 | |
| Ziggurat | 10 | |
| Tomb of Relics | 1 | |
| Crypt | 2 | |
| Graveyard | 1 | |
| Nerubian Tower | 1 | |
| Halls of the Dead | 3 | |
| Slaughterhouse | 1 | |
| Spirit Tower | 2 | |
| Black Citadel | 2 | |
| Sacrificial Pit | 1 | |
25 total
» build order
00:05 Altar of Darkness
00:12 Ziggurat
00:36 Tomb of Relics
01:03 Crypt
01:33 Graveyard
01:40 Nerubian Tower
01:46 Ziggurat
02:46 Ziggurat
04:10 Halls of the Dead
04:10 Halls of the Dead
04:11 Halls of the Dead
05:12 Ziggurat
07:06 Slaughterhouse
08:06 Crypt
16:31 Ziggurat
17:24 Ziggurat
17:33 Ziggurat
17:48 Spirit Tower
19:01 Spirit Tower
19:05 Ziggurat
20:29 Ziggurat
20:37 Ziggurat
21:32 Black Citadel
21:32 Black Citadel
22:39 Sacrificial Pit
» items
| Rod of Necromancy | 1 | |
| Potion of Healing | 2 | |
3 total
Chat log
(00:22 / Allies) GrosTabarnak: calm your balls
(00:27 / Allies) Owl: pings alerts them
(00:31 / Allies) Owl: if htey're legit afk
(00:33 / Allies) Owl: unlike green
(00:39 / Allies) Owl: who is fake afk
(00:57 / Allies) GrosTabarnak: draw ennemies to him
(01:02 / Allies) xB20tegzzx: k
(01:13 / Allies) Owl: he's back
(01:16 / Allies) xB20tegzzx: nice!
(01:25 / Allies) Owl: there's someone with similar name that always afks
(02:04 / Allies) xB20tegzzx: harass
(02:13 / Allies) GrosTabarnak: coming
(02:14 / Allies) Owl: going blood mage and will harass
(02:16 / Allies) Owl: but after level 3
(02:21 / Allies) xB20tegzzx: ?
(02:23 / Allies) xB20tegzzx: lol
(02:29 / Allies) Owl: level 1 blood mage sucks for harass
(02:41 / Allies) GrosTabarnak: no time to argue
(02:42 / Allies) GrosTabarnak: play
(03:43 / Allies) xB20tegzzx: fuck
(03:50 / Allies) xB20tegzzx: we giid
(05:18 / All) GrosTabarnak: did pathfinding become dummer?
(05:28 / All) Owl: probably
(06:06 / Allies) Owl: rabbit going to mid
(06:07 / Allies) Owl: is mine
(06:24 / All) xB20tegzzx: lol
(06:26 / All) xB20tegzzx: thnx
(06:33 / All) SoG]DarkSky: lo,l xd
(08:30 / Allies) xB20tegzzx: damn ty
(08:43 / All) xB20tegzzx: fuck u
(08:46 / All) xB20tegzzx: lol
(08:51 / Allies) GrosTabarnak: expo and prevent expo
(08:59 / Allies) xB20tegzzx: omw
(09:18 / Allies) xB20tegzzx: omw
(09:47 / Allies) xB20tegzzx: wood?
(09:54 / Allies) xB20tegzzx: ty
(10:21 / Allies) xB20tegzzx: aa?
(10:29 / Allies) xB20tegzzx: anyone
(10:35 / All) Owl: wow blood amge is so slow now
(11:40 / Allies) Owl: tell me when you guys need recs
(13:04 / Allies) xB20tegzzx: wood?
(13:13 / Allies) xB20tegzzx: ty
(14:52 / Allies) xB20tegzzx: gold for wood
(14:55 / Allies) xB20tegzzx: i fucked myslef
(17:03 / Allies) xB20tegzzx: fucjk
(19:34 / Allies) GrosTabarnak: yup pathfinding got dumber
(20:51 / Allies) xB20tegzzx: whio needs gold
(23:39 / Allies) xB20tegzzx: b
(23:39 / Allies) xB20tegzzx: b
(25:51 / All) xB20tegzzx: ty